AoeStats
← Beer

Arena

508871059Analyzed
4v4 RM · 9d ago on Sep 24, 2026· 41m 20s· 8 players
Game mode
Random Map
Map size
Large (8 player)
Population
200
Speed
Normal
Resources
Standard
Victory
Conquest
Starting age
Dark Age
Ending age
Imperial Age
RankedLock teamsTeams togetherTeam positionsShared explorationLock speedFull tech treeHidden civsTurbo modeCheats
Victory
Defeat
🇹🇷 Franks · Türkiye
1160
+14
🇹🇼 Poles · Taiwan
1110
+16
🇭🇰 Vietnamese · Hong Kong SAR China
1094
+16
🇹🇷 Saxons · Türkiye
1052
+17
🇦🇺 Turks · Australia
1136
-18
🇦🇺 Danes · Australia
1135
-17
🇺🇸 Saxons · United States
1066
-14
🇨🇦 Varangians · Canada
1063
-14
建興法師
11:23 Feudal Age
15:07 Castle Age
13:34 Double-Bit Axe
13:31 Horse Collar
14:23 Loom
16:20 Bow Saw
16:13 Heavy Plow
25:28 Wheelbarrow
30:09 Imperial Age
28:31 Hand Cart
28:11 Gold Mining
28:48 Fletching
29:04 Crossbowman
29:50 Thumb Ring
30:08 Ballistics
30:09 Caravan
30:35 Bodkin Arrow
30:42 Padded Archer Armor
30:22 Arbalester
32:05 Chemistry
31:51 Bracer
32:11 Elite Skirmisher
33:16 Leather Archer Armor
37:47 Ring Archer Armor
38:28 Imperial Skirmisher
caltan
10:50 Feudal Age
12:28 Double-Bit Axe
12:45 Loom
16:21 Castle Age
16:02 Gold Mining
17:26 Bow Saw
18:01 Gold Shaft Mining
18:07 Wheelbarrow
22:47 Hand Cart
27:39 Forging
27:30 Scale Mail Armor
29:20 Chain Mail Armor
29:40 Iron Casting
37:34 Imperial Age
38:22 Scale Barding Armor
39:21 Husbandry
40:24 Conscription
41:07 Chain Barding Armor
41:49 Blast Furnace
40:41 Town Watch
Kuo
12:01 Feudal Age
13:14 Loom
13:10 Horse Collar
13:18 Double-Bit Axe
16:54 Castle Age
15:05 Stone Mining
18:02 Fletching
18:51 Heavy Plow
21:50 Szlachta Privileges
23:22 Scale Barding Armor
23:58 Forging
25:26 Chain Barding Armor
25:42 Iron Casting
25:51 Husbandry
26:02 Bloodlines
26:48 Wheelbarrow
26:41 Gold Mining
29:16 Scale Mail Armor
30:38 Stone Shaft Mining
30:14 Bow Saw
35:18 Imperial Age
34:17 Hand Cart
35:30 Town Watch
36:49 Crop Rotation
35:44 Cavalier
37:25 Blast Furnace
36:59 Conscription
40:10 Lechitic Legacy
39:13 Light Cavalry
40:42 Chain Mail Armor
40:27 Padded Archer Armor
40:23 Bodkin Arrow
Kori
9:50 Feudal Age
13:52 Castle Age
11:42 Horse Collar
12:10 Double-Bit Axe
13:03 Gold Mining
14:54 Bow Saw
16:47 Fletching
17:33 Padded Archer Armor
18:57 Heavy Plow
20:06 Ballistics
20:42 Bodkin Arrow
22:04 Wheelbarrow
23:36 Thumb Ring
26:10 Hand Cart
27:48 Leather Archer Armor
28:12 Bloodlines
28:03 Husbandry
37:32 Imperial Age
38:47 Coinage
39:02 Bracer
39:33 Ring Archer Armor
38:57 Heavy Mounted Crossbowman
38:58 Cranequins
40:42 Chemistry
40:17 Banking
40:49 Siege Engineers
TocTheYoungr
0:47 Loom
11:38 Feudal Age
16:31 Castle Age
14:55 Horse Collar
15:31 Double-Bit Axe
17:51 Bow Saw
18:53 Gold Mining
26:27 Wheelbarrow
26:15 Scale Mail Armor
28:32 Fortified Wall
32:08 Imperial Age
30:01 Chain Mail Armor
29:13 Pikeman
30:12 Treadmill Crane
30:54 Ballistics
31:56 Forging
31:38 Fletching
32:30 Sanctity
32:27 Shield Wall
33:33 Squires
33:24 Gambesons
34:17 Plate Mail Armor
34:31 Illumination
34:49 Block Printing
36:17 Iron Casting
36:09 Conscription
37:17 Hand Cart
37:46 Bodkin Arrow
37:39 Arrowslits
Elite Seraphim
9:08 Loom
12:14 Feudal Age
16:23 Castle Age
14:16 Double-Bit Axe
14:18 Horse Collar
16:31 Wheelbarrow
17:14 Forging
17:45 Gold Mining
19:28 Scale Barding Armor
19:48 Stone Mining
21:14 Bow Saw
24:59 Heavy Plow
27:15 Hand Cart
29:28 Chain Barding Armor
32:24 Fletching
35:23 Husbandry
37:21 Bloodlines
37:48 Iron Casting
41:59 Imperial Age
39:21 Vendel Legacy
Beer
11:37 Feudal Age
12:18 Feudal Age
14:20 Double-Bit Axe
16:47 Castle Age
15:50 Gold Mining
15:59 Horse Collar
17:15 Loom
22:01 Imperial Age
Wiring Tool
11:31 Feudal Age
15:37 Castle Age
13:37 Double-Bit Axe
15:22 Gold Mining
16:34 Stone Mining
17:15 Bow Saw
28:45 Forging
28:35 Scale Mail Armor
29:15 Wheelbarrow
28:31 Horse Collar
29:44 Heavy Plow
34:24 Imperial Age
34:24 Iron Casting
34:04 Chain Mail Armor
34:34 Elite Jomsviking
35:35 Conscription
35:00 Onager
36:58 Hand Cart
36:29 Loom
Connection lost

Rejoining the realm…

Still unreachable

The connection could not be restored.

Session expired

The server has moved on; the page needs a fresh start.